Map: Pillars of Gold LE

Players

Chefer

  • Race: Terran Terran
  • Spawn Location: 7:00

Throwfordays - Winner!

  • Race: Zerg Zerg
  • League: Silver
  • Spawn Location: 1:00

VOD

Have the link to the VOD?

Description

Time

  • Played on: June 29, 2020, 9:08 p.m.
  • Length: 5:36
Show
View Real Time Build Order
Export as new Build Order

Chefer Terran 

Build Orders:  

Get SALT Encoding   

  12  0:01  SCV  
  13  0:16  Supply Depot  
  13  0:18  SCV  
  14  0:30  SCV  
  15  0:40  Barracks  
  15  0:43  SCV  
  15  0:48  Refinery  
  16  1:00  SCV  
  17  1:12  SCV  
  18  1:30  Orbital Command  
  18  1:43  Barracks Reactor  
  18  1:48  Supply Depot  
  18  1:57  Command Center  
  18  2:01  SCV  
  19  2:18  Factory  
  19  2:20  Refinery  
  20  2:22  SCV  
  20  2:24  Marine  
  20  2:26  Marine  
  22  2:35  SCV  
  22  2:43  Marine  
  23  2:44  Marine  
  24  3:01  Marine  
  24  3:02  Marine  
  26  3:11  Orbital Command, Factory Tech Lab  
  26  3:18  SCV  
  26  3:19  Starport  
  27  3:26  Marine x2  
  29  3:34  Cyclone  
  33  3:41  SCV x2  
  34  3:48  Marine x2  
  34  3:53  SCV x2  
  38  3:59  Viking  
  40  4:06  Marine x2  
  40  4:09  SCV  
  43  4:24  Marine  
  33  4:35  Marine  
  28  4:47  Marine  
  30  4:52  SCV  
  30  4:53  Marine, SCV  
  30  4:56  Siege Tank  
  30  4:57  Starport Reactor  
  35  5:07  Barracks  
  35  5:08  Marine, Barracks  
  35  5:10  SCV x2  
  38  5:30  Supply Depot  
Show
View Real Time Build Order
Export as new Build Order

Throwfordays Zerg - Winner!

Build Orders: Hatch First, Zergling Baneling 

Get SALT Encoding   

  12  0:01  Drone  
  13  0:13  Overlord  
  13  0:22  Drone  
  14  0:32  Drone x2  
  16  0:54  Hatchery  
  16  0:55  Drone  
  16  1:10  Spawning Pool  
  16  1:18  Drone  
  16  1:26  Extractor, Drone x2  
  17  1:34  Overlord  
  17  1:44  Drone  
  18  1:56  Queen  
  20  2:05  Queen  
  22  2:08  Drone  
  22  2:11  Zergling x2  
  22  2:13  Zergling x2  
  26  2:15  Zergling x2  
  26  2:26  Drone, Baneling Nest  
  27  2:37  Zergling x4  
  28  2:44  Extractor, Drone  
  28  2:49  Zergling x4  
  30  3:00  Zergling x4  
  30  3:02  Zergling x2  
  33  3:11  Drone  
  33  3:12  Drone x2  
  36  3:16  Metabolic Boost  
  36  3:23  Overlord  
  36  3:38  Overlord  
  36  3:39  Overlord  
  36  3:48  Baneling x6  
  36  3:52  Drone  
  38  3:55  Drone  
  38  4:02  Drone x2  
  40  4:05  Drone  
  40  4:08  Drone  
  42  4:12  Drone  
  37  4:49  Zergling x8  
  37  4:50  Zergling x14  
  48  4:53  Baneling x7  
  48  4:54  Baneling x2  
  48  5:04  Drone  
  48  5:06  Drone  
  50  5:16  Zergling x2  
  50  5:19  Drone x2  
Tags
 
League
Silver
Matchup
TvZ
Replay Pack
Multiplayer
Spawn Locations
Cross Positions
Add a new tag
Caveats
  • Supply blocks, unpowered buildings, or Contaminate may cause inaccurate times.
  • Supply counts are checked every 10 seconds.